 Dungeon Crawl Stone Soup version 0.29.0-4-gdea44cf6ec (webtiles) character file.

Game seed: 13500619680262785462

2280 qw the Cleaver (level 9, 0/118 HPs)
             Began as a Minotaur Berserker on Sept 10, 2022.
             Was a Priest of Trog.
             Killed from afar by an electric eel (11 damage)
             ... with a bolt of electricity
             ... on level 7 of the Dungeon.
             The game lasted 00:02:31 (8871 turns).

qw the Cleaver (Minotaur Berserker)                 Turns: 8871, Time: 00:02:32

Health: 0/118      AC: 18    Str: 25 (26) XL:     9   Next: 16%
Magic:  8/8        EV:  7    Int: 10      God:    Trog [***...]
Gold:   20         SH:  0    Dex:  9 (10) Spells: 8/8 levels left

rFire   . . .      SeeInvis .   Y - +0 broad axe
rCold   . . .      Faith    .   (no shield)
rNeg    . . .      Spirit   .   o - +0 plate armour
rPois   .          Reflect  .   (helmet restricted)
rElec   .          Harm     .   l - +2 cloak
rCorr   .          Rampage  .   m - +0 pair of gloves
Will    .....                   j - +0 pair of boots
Stlth   ..........              (no amulet)
HPRegen 0.29/turn               h - +6 ring of intelligence
MPRegen 0.11/turn               (no ring)

@: berserking (expiring), quick
A: horns 2, retaliatory headbutt
a: Renounce Religion, Berserk, Trog's Hand


You were on level 7 of the Dungeon.
You worshipped Trog.
Trog was most pleased with you.
You visited 1 branch of the dungeon, and saw 7 of its levels.

You collected 393 gold pieces.
You spent 373 gold pieces at shops.


Innate Abilities, Weirdness & Mutations

You have a pair of horns on your head.
You reflexively headbutt those who attack you in melee.


   Skills:
 - Level 7.2 Fighting
 - Level 12.1 Axes
 - Level 1.0 Throwing
 + Level 6.5 Armour
 - Level 2.1 Dodging


You had 8 spell levels left.
You didn't know any spells.
Your spell library was empty.

Inventory:

Hand Weapons
 d - a +1 flail of draining
 Y - a +0 broad axe (weapon)
Missiles
 p - 3 boomerangs (quivered)
Armour
 j - a +0 pair of boots (worn)
 l - a +2 cloak (worn)
 m - a +0 pair of gloves (worn)
 o - a +0 plate armour (worn)
Jewellery
 h - a +6 ring of intelligence (left hand)
Potions
 b - 2 potions of heal wounds
 c - a potion of flight {unknown}
 e - a potion of mutation {unknown}
 g - a potion of berserk rage {unknown}
 i - 2 potions of curing
 n - 2 potions of might

Dungeon Overview and Level Annotations

Branches:
Dungeon (7/15)             Temple (0/1) D:5

Altars:
Ashenzari
Dithmenos
Nemelex Xobeh
Ru
Xom
Zin

Shops:
D:1 =   D:5 *   D:6 **!(!

Annotations:
D:4 1 runed translucent door, qw's ghost, amateur BaCK


Message History

You closely miss the electric eel. You miss the electric eel.
You headbutt the electric eel!
The electric eel is almost dead.
The electric eel shoots out a bolt of lightning at you!
The bolt of electricity hits you!
The electric eel shoots out a bolt of lightning at you!
The bolt of electricity hits you!
The bolt of electricity hits you but does no damage.
The bolt of electricity hits the electric eel.
The electric eel completely resists.
You completely miss the electric eel. Your headbutt misses the electric eel.
The electric eel is almost dead.
The electric eel shoots out a bolt of lightning at you!
The bolt of electricity hits you. x2
The bolt of electricity hits the electric eel.
The electric eel completely resists.
The electric eel shoots out a bolt of lightning at you!
The bolt of electricity hits you!
You miss the electric eel.
The electric eel is almost dead.
You slash the electric eel!
You kill the electric eel!
Trog accepts your kill.
You hear a splash.
The electric eel shoots out a bolt of lightning at you!
The bolt of electricity hits you. x2
The bolt of electricity hits the electric eel.
The electric eel completely resists.
You feel your strength returning.
You enter the shallow water.
Moving in this stuff is going to be slow.
The electric eel shoots out a bolt of lightning at you!
The bolt of electricity hits you! The bolt of electricity hits you.
The bolt of electricity hits the electric eel.
The electric eel completely resists.
Your unstable footing causes you to fumble your attack.
You closely miss the electric eel.
The electric eel shoots out a bolt of lightning at you!
The bolt of electricity hits you!
You die...

.~~P~~~~~~~~~~~7.#
#P7~~~~~~~~~~~77.#
~~~~~~~~~7.#
~~~~~~~~7.#
~~~~~~P7~.#
~~~~~P~7~.#
~~~~~~~~7.#
~~~~~~~~..#
~~~~7S@.##
~~P~~~7%.#
~~~~~~77.# ~~P~~
..# PP~~~ .## ~~
7. ~ .. .#


You could see an electric eel.

Vanquished Creatures
  Grinder (D:3)
  Sigmund (D:3)
  A steam dragon (D:6)
  Duvessa (D:4)
  2 water moccasins
  An ice beast (D:5)
  A centaur (D:6)
  An ogre (D:4)
  3 phantoms
  A kobold brigand (D:6)
  A scorpion (D:5)
  Dowan (D:4)
  An electric eel (D:7)
  Crazy Yiuf (D:3)
  A gnoll bouda (D:4)
  4 hounds
  An orc priest (D:3)
  Natasha (thrice) (D:4)
  3 iguanas
  An orc wizard (D:3)
  12 gnolls
  6 river rats (D:5)
  12 adders
  A white imp (D:5)
  2 dart slugs
  7 orcs
  5 endoplasms
  4 giant cockroaches
  7 goblins
  8 hobgoblins
  6 jackals
  12 quokkas
  9 ball pythons
  9 bats
  4 frilled lizards
  8 kobolds
  24 rats
166 creatures vanquished.

Vanquished Creatures (others)
  13 plants (D:7)
13 creatures vanquished.

Grand Total: 179 creatures vanquished

Notes
Turn   | Place    | Note
-------+----------+-------------------------------------------
     0 | D:1      | qw the Minotaur Berserker began the quest for the Orb.
     0 | D:1      | Reached XP level 1. HP: 19/19 MP: 0/0
     0 | D:1      | 0 ||| qw: Version: 0.1-a-116-g5d60599
     0 | D:1      | 0 ||| qw: Game counter: 7665
     0 | D:1      | 0 ||| qw: Always use a shield: true
     0 | D:1      | 0 ||| qw: Do Orc after D:15 true
     0 | D:1      | 0 ||| qw: Do second Lair branch before Depths: true
     0 | D:1      | 0 ||| qw: Lair rune preference: random
     0 | D:1      | 0 ||| qw: Plans: Normal
     0 | D:1      | 0 ||| PLANNING D:1-11
    68 | D:1      | Reached skill level 4 in Axes
   134 | D:1      | Reached XP level 2. HP: 24/26 MP: 1/1
   325 | D:1      | 325 ||| DROPPING +0 club.
   327 | D:1      | 327 ||| Stepping ~*~*~tactically~*~*~ (stealth).
   490 | D:1      | Reached skill level 5 in Axes
   607 | D:1      | Reached XP level 3. HP: 31/31 MP: 2/2
   679 | D:1      | Found Kiemy's Jewellery Emporium.
   694 | D:1      | 694 ||| SHOPLISTING +6 ring of dexterity (396 gold, have
                  | 77).
   694 | D:1      | 694 ||| SHOPLISTING amulet of reflection (330 gold, have
                  | 77).
   694 | D:1      | 694 ||| SHOPLISTING ring of positive energy (220 gold, have
                  | 77).
   694 | D:1      | 694 ||| SHOPLISTING ring of resist corrosion (220 gold,
                  | have 77).
   814 | D:1      | 814 ||| UPGRADING to +0 ring mail.
   824 | D:1      | 824 ||| DROPPING +0 animal skin.
   825 | D:1      | 825 ||| READING scroll labelled BEIPTONIRO.
   826 | D:1      | 826 ||| READING scroll labelled DAIDDOYKEO.
   827 | D:1      | 827 ||| DRINKING 5 black potions.
   828 | D:1      | 828 ||| DRINKING 2 metallic brown potions.
   829 | D:1      | 829 ||| DROPPING 4 potions of attraction.
   830 | D:1      | 830 ||| DROPPING potion of brilliance.
   953 | D:2      | Reached ** piety under Trog
   982 | D:2      | 982 ||| Stepping ~*~*~tactically~*~*~ (hiding).
  1226 | D:2      | Reached XP level 4. HP: 39/39 MP: 3/3
  1249 | D:2      | 1249 ||| Stepping ~*~*~tactically~*~*~ (stealth).
  1255 | D:2      | Reached skill level 6 in Axes
  1389 | D:2      | 1389 ||| Stepping ~*~*~tactically~*~*~ (stealth).
  1390 | D:2      | 1390 ||| Stepping ~*~*~tactically~*~*~ (stealth).
  1396 | D:2      | 1396 ||| Stepping ~*~*~tactically~*~*~ (stealth).
  1406 | D:2      | 1406 ||| Stepping ~*~*~tactically~*~*~ (stealth).
  1429 | D:2      | 1429 ||| Stepping ~*~*~tactically~*~*~ (stealth).
  1539 | D:2      | Found a faded altar of an unknown god.
  1646 | D:2      | 1646 ||| UPGRADING to +0 plate armour.
  1656 | D:2      | 1656 ||| DROPPING +0 ring mail.
  1657 | D:2      | 1657 ||| DROPPING amulet of magic regeneration.
  1658 | D:2      | 1658 ||| DROPPING ring of flight.
  1659 | D:2      | 1659 ||| READING scroll labelled LACUG GEFEY.
  1664 | D:2      | 1664 ||| READING scroll labelled ZIHOIN INNUITIMA.
  1665 | D:2      | 1665 ||| READING scroll labelled DIJOIW RUSOH.
  1757 | D:3      | Identified the +1 trident "Hupuleq" {vorpal, rC+ Int+3
                  | Stlth-}
  1769 | D:3      | Noticed Grinder
  1770 | D:3      | 1770 ||| INVOKING Trog's Hand.
  1773 | D:3      | 1773 ||| INVOKING Berserk.
  1780 | D:3      | Killed Grinder
  1781 | D:3      | Reached skill level 8 in Axes
  1781 | D:3      | Reached XP level 5. HP: 45/45 MP: 4/4
  1781 | D:3      | Reached XP level 6. HP: 51/51 MP: 5/5
  1907 | D:3      | Reached skill level 3 in Armour
  1915 | D:3      | Found a broken altar of Ashenzari.
  1965 | D:3      | 1965 ||| INVOKING Berserk.
  2021 | D:3      | 2021 ||| DROPPING +0 whip.
  2087 | D:3      | 2087 ||| DROPPING +0 flail.
  2107 | D:3      | 2107 ||| READING scroll of enchant weapon.
  2107 | D:3      | 2107 ||| ENCHANTING +1 hand axe.
  2268 | D:3      | Found a runed translucent door.
  2269 | D:3      | Noticed Crazy Yiuf
  2354 | D:3      | Noticed Sigmund
  2355 | D:3      | 2355 ||| INVOKING Berserk.
  2357 | D:3      | Killed Sigmund
  2358 | D:3      | Reached skill level 9 in Axes
  2358 | D:3      | Reached XP level 7. HP: 59/59 MP: 6/6
  2824 | D:3      | Found a shadowy altar of Dithmenos.
  2828 | D:3      | Found a shimmering altar of Xom.
  2832 | D:3      | Found a glowing silver altar of Zin.
  2982 | D:3      | 2982 ||| UPGRADING to +6 ring of intelligence.
  2983 | D:3      | 2983 ||| READING scroll labelled QEUS WONECWUQ.
  2984 | D:3      | 2984 ||| DRINKING 2 fizzy blue potions.
  2985 | D:3      | 2985 ||| Stepping randomly (stuck).
  2986 | D:3      | 2986 ||| INVOKING Berserk.
  2989 | D:3      | Killed Crazy Yiuf
  3109 | D:3      | 3109 ||| UPGRADING to +0 cloak.
  3131 | D:4      | Noticed Natasha
  3132 | D:4      | 3132 ||| INVOKING Berserk.
  3139 | D:4      | Killed Natasha
  3151 | D:4      | 3151 ||| STAIRDANCE
  3289 | D:4      | Found a sparkling altar of Nemelex Xobeh.
  3521 | D:4      | Noticed Natasha
  3522 | D:4      | 3522 ||| Stepping ~*~*~tactically~*~*~ (hiding).
  3527 | D:4      | 3527 ||| INVOKING Berserk.
  3529 | D:4      | Killed Natasha
  3735 | D:4      | 3735 ||| Stepping ~*~*~tactically~*~*~ (stealth).
  3850 | D:4      | 3850 ||| READING scroll of enchant weapon.
  3850 | D:4      | 3850 ||| ENCHANTING +2 hand axe.
  3936 | D:4      | Noticed Duvessa
  3937 | D:4      | Noticed Dowan
  3940 | D:4      | 3940 ||| INVOKING Berserk.
  3945 | D:4      | Killed Duvessa
  3951 | D:4      | Killed Dowan
  4113 | D:4      | Noticed Natasha
  4117 | D:4      | 4117 ||| INVOKING Berserk.
  4119 | D:4      | Killed Natasha
  4422 | D:4      | Reached skill level 10 in Axes
  4491 | D:4      | Reached *** piety under Trog
  4547 | D:4      | Found a runed translucent door.
  4548 | D:4      | Noticed qw's ghost (amateur BaCK)
  4913 | D:4      | 4913 ||| UPGRADING to +2 cloak.
  4923 | D:4      | 4923 ||| DROPPING +0 cloak.
  4924 | D:4      | 4924 ||| READING scroll labelled VUPSIL VI DUAM.
  4925 | D:4      | 4925 ||| DRINKING 2 fuming purple potions.
  4926 | D:4      | 4926 ||| DRINKING 3 fuming blue potions.
  5020 | D:5      | Entered Level 5 of the Dungeon
  5021 | D:5      | 5021 ||| STAIRDANCE
  5212 | D:5      | 5212 ||| STAIRDANCE
  5450 | D:5      | 5450 ||| STAIRDANCE
  5452 | D:4      | 5452 ||| INVOKING Berserk.
  5456 | D:4      | Reached skill level 6 in Fighting
  5456 | D:4      | Reached XP level 8. HP: 70/70 MP: 7/7
  5686 | D:5      | 5686 ||| STAIRDANCE
  5688 | D:4      | 5688 ||| INVOKING Berserk.
  5958 | D:5      | 5958 ||| STAIRDANCE
  6173 | D:5      | 6173 ||| STAIRDANCE
  6421 | D:5      | 6421 ||| STAIRDANCE
  6755 | D:5      | Reached skill level 11 in Axes
  6807 | D:5      | Found a staircase to the Ecumenical Temple.
  6821 | D:5      | 6821 ||| Stepping ~*~*~tactically~*~*~ (stealth).
  6953 | D:5      | 6953 ||| Stepping ~*~*~tactically~*~*~ (stealth).
  6954 | D:5      | 6954 ||| Stepping ~*~*~tactically~*~*~ (stealth).
  6956 | D:5      | 6956 ||| Stepping ~*~*~tactically~*~*~ (hiding).
  6959 | D:5      | 6959 ||| Stepping ~*~*~tactically~*~*~ (hiding).
  7066 | D:5      | Found Agesen's General Store.
  7109 | D:5      | 7109 ||| Stepping ~*~*~tactically~*~*~ (stealth).
  7111 | D:5      | 7111 ||| Stepping ~*~*~tactically~*~*~ (hiding).
  7121 | D:5      | 7121 ||| Stepping ~*~*~tactically~*~*~ (stealth).
  7144 | D:5      | 7144 ||| Stepping ~*~*~tactically~*~*~ (stealth).
  7230 | D:5      | 7230 ||| Stepping ~*~*~tactically~*~*~ (stealth).
  7232 | D:5      | 7232 ||| Stepping ~*~*~tactically~*~*~ (stealth).
  7237 | D:5      | 7237 ||| Stepping ~*~*~tactically~*~*~ (stealth).
  7302 | D:5      | 7302 ||| Stepping ~*~*~tactically~*~*~ (stealth).
  7308 | D:5      | Reached skill level 1 in Throwing
  7642 | D:5      | Reached skill level 12 in Axes
  7855 | D:5      | 7855 ||| READING scroll labelled WIPLEEFEZA.
  7856 | D:5      | 7856 ||| READING scroll labelled VOHEYRITOA.
  7857 | D:5      | 7857 ||| DRINKING 2 orange potions.
  7903 | D:5      | 7903 ||| DRINKING 2 yellow potions.
  7904 | D:5      | 7904 ||| DROPPING potion of lignification.
  7905 | D:5      | 7905 ||| DROPPING potion of degeneration.
  7931 | D:6      | Found Xotz's Weapon Shop.
  7934 | D:6      | 7934 ||| BUYING +0 broad axe (56 gold).
  7934 | D:6      | Bought a +0 broad axe for 56 gold pieces
  7934 | D:6      | 7934 ||| SWAPPING to +0 broad axe.
  7935 | D:6      | 7935 ||| DROPPING +3 hand axe.
  8004 | D:6      | Found Lyheoro's Distillery.
  8009 | D:6      | 8009 ||| BUYING potion of heal wounds (75 gold).
  8009 | D:6      | Bought a potion of heal wounds for 75 gold pieces
  8043 | D:6      | Found a sacrificial altar of Ru.
  8086 | D:6      | 8086 ||| Stepping ~*~*~tactically~*~*~ (stealth).
  8150 | D:6      | Reached XP level 9. HP: 78/79 MP: 8/8
  8171 | D:6      | Found Rirphyaro's Assorted Antiques.
  8179 | D:6      | 8179 ||| BUYING cyan potion (19 gold).
  8179 | D:6      | Bought a cyan potion for 19 gold pieces
  8179 | D:6      | 8179 ||| BUYING pair of boots (99 gold).
  8179 | D:6      | Bought a pair of boots for 99 gold pieces
  8179 | D:6      | 8179 ||| BUYING pair of gloves (99 gold).
  8179 | D:6      | Bought a pair of gloves for 99 gold pieces
  8179 | D:6      | 8179 ||| SHOPLISTING scroll of identify (44 gold, have 35).
  8185 | D:6      | Found Cadygim's Assorted Antiques.
  8187 | D:6      | 8187 ||| Stepping ~*~*~tactically~*~*~ (hiding).
  8249 | D:6      | 8249 ||| SHOPLISTING glowing mace (150 gold, have 35).
  8249 | D:6      | 8249 ||| BUYING scroll labelled HOTHIKILIN (25 gold).
  8249 | D:6      | Bought a scroll labelled HOTHIKILIN for 25 gold pieces
  8259 | D:6      | 8259 ||| Stepping ~*~*~tactically~*~*~ (hiding).
  8263 | D:6      | 8263 ||| Stepping ~*~*~tactically~*~*~ (hiding).
  8280 | D:6      | Found Toiva's Distillery.
  8283 | D:6      | 8283 ||| Stepping ~*~*~tactically~*~*~ (stealth).
  8299 | D:6      | 8299 ||| SHOPLISTING 2 potions of curing (72 gold, have
                  | 10).
  8299 | D:6      | 8299 ||| SHOPLISTING potion of curing (36 gold, have 10).
  8299 | D:6      | 8299 ||| SHOPLISTING potion of haste (120 gold, have 10).
  8299 | D:6      | 8299 ||| SHOPLISTING potion of might (48 gold, have 10).
  8490 | D:6      | 8490 ||| Stepping ~*~*~tactically~*~*~ (cloud).
  8495 | D:6      | 8495 ||| Stepping ~*~*~tactically~*~*~ (cloud).
  8500 | D:6      | 8500 ||| INVOKING Berserk.
  8510 | D:6      | Reached skill level 6 in Armour
  8684 | D:6      | 8684 ||| UPGRADING to +0 pair of boots.
  8689 | D:6      | 8689 ||| UPGRADING to +0 pair of gloves.
  8694 | D:6      | 8694 ||| READING scroll labelled ZALUECZI VYFO.
  8695 | D:6      | 8695 ||| READING scroll labelled HOTHIKILIN.
  8796 | D:6      | 8796 ||| DRINKING 2 cyan potions.
  8797 | D:6      | 8797 ||| DROPPING potion of invisibility.
  8862 | D:7      | 8862 ||| INVOKING Berserk.
  8868 | D:7      | HP: 28/118 [electric eel/bolt of electricity (4)]
  8869 | D:7      | HP: 13/118 [electric eel/bolt of electricity (15)]
  8871 | D:7      | Killed from afar by an electric eel

Levels and vault maps discovered:
D:1:      co_arrival_random_square_maze, layout_basic, serial_shops, shop,
          minivault_26, minmay_vboxes
D:2:      layout_loops_ring, ebering_ecumenical_altar_box, minmay_box_of_dots
D:3:      layout_basic, mainiacjoe_overflow_24_doors,
          grunt_temple_overflow_diamond, kennysheep_cross_room, uniq_grinder,
          uniq_crazy_yiuf_cottage, uniq_sigmund
D:4:      layout_basic, old_standard_altar, ebering_ghost_inner_flame,
          uniq_duvessa, uniq_natasha
D:5:      lemuel_ratsnest, layout_rooms, minmay_temple_entry_waves,
          serial_shops, shop
D:6:      layout_rooms, general_overflow_altar, serial_shops,
          nicolae_stop_n_shop_2, shop, shop, nicolae_stop_n_shop_1,
          nicolae_shop_crystal
D:7:      layout_loops_ring, serial_bayou, serial_bayou_shore_b,
          serial_bayou_ford_a, serial_bayou_lagoon_a, serial_bayou_shore_b,
          serial_bayou_lake_a

Skill      XL: |  1  2  3  4  5  6  7  8  9 |
---------------+----------------------------+-----
Axes           | 4 5 8 9 10 12 | 12.1
Armour         | 3 4 5 6 |  6.5
Fighting       | 4 6 7 |  7.2
Throwing       | 1 |  1.0
Dodging        | |  2.1

Action                   |  1- 3 |  4- 6 |  7- 9 || total
-------------------------+-------+-------+-------++-------
Melee: Hand axe          |   100 |    49 |   242 ||   391
       Headbutt          |    10 |     2 |    47 ||    59
       Punch             |       |     1 |     1 ||     2
       Broad axe         |       |       |    48 ||    48
Throw: Boomerang         |       |       |    20 ||    20
Invok: Berserk           |       |     3 |     9 ||    12
       Trog's Hand       |       |     1 |       ||     1
  Use: Scroll            |     2 |     4 |     7 ||    13
       Potion            |     2 |       |     6 ||     8
Armor: Animal skin       |    12 |       |       ||    12
       Ring mail         |    16 |     1 |       ||    17
       Plate armour      |       |    17 |   133 ||   150
Dodge: Dodged            |    57 |    18 |    77 ||   152

Table legend:
 A = Non-vault XP
 B = Vault XP
 C = Vault XP percentage of total XP
 D = Non-vault monster count
 E = Vault monster count
 F = Vault count percentage of total count
                 A         B        C        D         E       F
            +---------+---------+-------+---------+---------+-------
      Total |    2126 |    1132 |  34.7 |     113 |      53 |  31.9
            +---------+---------+-------+---------+---------+-------
        D:1 |      34 |      15 |  30.6 |      21 |       9 |  30.0
        D:2 |      66 |       3 |   4.3 |      20 |       2 |   9.1
        D:3 |     167 |     554 |  76.8 |      18 |       3 |  14.3
        D:4 |     556 |     257 |  31.6 |      31 |       3 |   8.8
        D:5 |     611 |     303 |  33.2 |      10 |      36 |  78.3
        D:6 |     641 |       0 |   0.0 |      12 |       0 |   0.0
        D:7 |      51 |       0 |   0.0 |       1 |       0 |   0.0
            +---------+---------+-------+---------+---------+-------
